 Dungeon Crawl Stone Soup version 0.29.1-13-g9f3cf754e1 (webtiles) character file.

Game seed: 38669045498333036

408 growler the Magician (level 6, -2/43 HPs)
             Began as a Demonspawn Wanderer on Feb 6, 2023.
             Slain by a wight
             ... wielding a +4 dire flail of freezing
              (4 damage)
             ... on level 3 of the Dungeon.
             The game lasted 00:12:21 (4647 turns).

growler the Magician (Demonspawn Wanderer)          Turns: 4647, Time: 00:12:21

Health: -2/43      AC:  3    Str: 12    XL:     6   Next: 57%
Magic:  9/13       EV: 13    Int: 17    God:
Gold:   213        SH:  3    Dex: 11    Spells: 10/14 levels left

rFire   . . .      SeeInvis .   a - +0 dagger
rCold   . . .      Faith    .   d - +0 buckler
rNeg    . . .      Spirit   .   c - +0 robe
rPois   .          Reflect  .   (no helmet)
rElec   .          Harm     .   (no cloak)
rCorr   .          Rampage  .   (no gloves)
Will    .....                   o - +0 pair of boots
Stlth   +.........              (no amulet)
HPRegen 0.14/turn               (no ring)
MPRegen 0.13/turn               (no ring)

@: no status effects
A: claws 1, repulsion field 1, demonic guardian 1
a: no special abilities


You were on level 3 of the Dungeon.
You visited 1 branch of the dungeon, and saw 4 of its levels.

You collected 213 gold pieces.

Inventory:

Hand Weapons
 a - a +0 dagger (weapon)
Armour
 c - a +0 robe (worn)
 d - a +0 buckler (worn)
 o - a +0 pair of boots (worn)
Wands
 l - a wand of flame (20)
Scrolls
 e - a scroll of magic mapping {unknown}
 f - 2 scrolls of noise {unknown}
 g - 3 scrolls of vulnerability {unknown}
 h - 4 scrolls of teleportation
 i - a scroll of blinking
 p - a scroll of poison
 r - a scroll of enchant weapon {unknown}
 t - a scroll of butterflies {unknown}
 w - a scroll of torment {unknown}
Potions
 b - a potion of lignification
 j - a potion of might
 k - a potion of brilliance
 m - a potion of berserk rage
 n - 2 potions of degeneration {unknown}
 q - 3 potions of ambrosia {unknown}
 u - a potion of flight {unknown}
 v - 2 potions of attraction {unknown}


   Skills:
 - Level 1.0 Fighting
 - Level 1.0 Dodging
 - Level 1.0 Stealth
 - Level 1.0 Shields
 + Level 4.8 Spellcasting
 + Level 3.1 Conjurations
 + Level 4.1 Earth Magic


You had 10 spell levels left.
You knew the following spells:

 Your Spells              Type           Power      Damage    Failure   Level
a - Sandblast             Erth           36%        2d10      3%          1
b - Stone Arrow           Conj/Erth      32%        3d9       13%         3

Your spell library contained the following spells:

 Spells                   Type           Power      Damage    Failure   Level
 Foxfire                  Conj/Fire      36%        2x1d5     11%         1
 Beastly Appendage        Tmut           8%         N/A       21%         1
 Sting                    Tmut/Pois      16%        1d3       21%         1
 Poisonous Vapours        Pois/Air       8%         N/A       30%         2
 Wereblood                Tmut           4%         N/A       30%         2
 Dazzling Flash           Conj/Hex       18%        N/A       30%         3
 Spider Form              Tmut/Pois      4%         N/A       52%         3
 Swiftness                Air            4%         N/A       52%         3
 Olgreb's Toxic Radiance  Pois           4%         N/A       89%         4


Dungeon Overview and Level Annotations

Branches:
Dungeon (4/15)
 Temple: D:4-7

Altars:
Kikubaaqudgha
Nemelex Xobeh
Sif Muna
Trog
Uskayaw

Shops:
D:1 =   D:4 ([

Annotations:
D:4 Sigmund


Innate Abilities, Weirdness & Mutations

You have sharp fingernails.
You are surrounded by a mild repulsion field. (EV +2)
A weak demonic guardian rushes to your aid.


Message History

The wight is lightly damaged.
Casting: Sandblast (safe; 3% risk of failure)
Confirm with . or Enter, or press ? or * to list all spells.
Aiming: Sandblast (safe; 3% risk of failure)
Press: ? - help, Shift-Dir - straight line, f/p - wight
Aim: a wight, wielding a +4 dire flail of freezing and wearing a +0 robe (lightly damaged, 82% to hit)
The blast of sand misses the wight.
Casting: Sandblast (safe; 3% risk of failure)
Confirm with . or Enter, or press ? or * to list all spells.
Aiming: Sandblast (safe; 3% risk of failure)
Press: ? - help, Shift-Dir - straight line, f/p - wight
Aim: a wight, wielding a +4 dire flail of freezing and wearing a +0 robe (lightly damaged, 82% to hit)
The blast of sand hits the wight but does no damage.
The wight is lightly damaged.
The wight hits you with a +4 dire flail of freezing!
A demonic guardian appears!
The wight freezes you. The wight closely misses you.
The wight hits you but does no damage. The wight barely misses you.
You climb upwards.
Your summoned ally is left behind.
There is a stone staircase leading down here.
Casting: Sandblast (safe; 3% risk of failure)
Confirm with . or Enter, or press ? or * to list all spells.
Aiming: Sandblast (safe; 3% risk of failure)
Press: ? - help, Shift-Dir - straight line, f - wight
Aim: a wight, wielding a +4 dire flail of freezing and wearing a +0 robe (lightly damaged, 82% to hit)
The blast of sand hits the wight.
The wight is lightly damaged.
The wight barely misses you. The wight misses you.
Casting: Sandblast (safe; 3% risk of failure)
Confirm with . or Enter, or press ? or * to list all spells.
Aiming: Sandblast (safe; 3% risk of failure)
Press: ? - help, Shift-Dir - straight line, f/p - wight
Aim: a wight, wielding a +4 dire flail of freezing and wearing a +0 robe (lightly damaged, 82% to hit)
The blast of sand misses the wight.
The wight hits you with a +4 dire flail of freezing!
The wight freezes you. The wight completely misses you.
The wight hits you with a +4 dire flail of freezing!
* * * LOW HITPOINT WARNING * * *
The wight freezes you.
You die...

#.#######.#######
.#..............#
..#############.#
.## #.# .# #.# .#
#.# .####### #.#
.......# ##z##
######.#######.#@##
#........###z#
#..######.#.## #..#
##.## #..# ### #..#
######..#
........###
#######...#


You could see 2 wights.

Vanquished Creatures
  A wight (D:3)
  2 vampire bats (D:3)
  A hound (D:4)
  3 orc priests
  An iguana (D:4)
  An orc wizard (D:3)
  An adder (D:3)
  A dart slug (D:1)
  6 orcs
  4 bat skeletons (D:3)
  A bat zombie (D:3)
  3 endoplasms
  4 giant cockroaches
  14 goblins
  12 hobgoblins
  9 kobolds
  6 quokkas
  3 ball pythons
  6 bats
  5 frilled lizards
  9 rats
93 creatures vanquished.

Notes
Turn   | Place    | Note
-------+----------+-------------------------------------------
     0 | D:1      | growler the Demonspawn Wanderer began the quest for the
                  | Orb.
     0 | D:1      | growler set off with the following items: a +0 dagger, a
                  | potion of lignification, a +0 robe, a +0 buckler; and the
                  | following spells available to memorise: Sandblast, Beastly
                  | Appendage, Foxfire, Stone Arrow, Dazzling Flash, Swiftness.
     0 | D:1      | Reached XP level 1. HP: 15/15 MP: 4/4
     2 | D:1      | Learned a level 1 spell: Sandblast
   121 | D:1      | Gained mutation: You have sharp fingernails. [demonic
                  | ancestry]
   121 | D:1      | Reached XP level 2. HP: 21/21 MP: 1/6
   590 | D:1      | Found Piyv's Jewellery Boutique.
   777 | D:1      | Reached XP level 3. HP: 26/26 MP: 4/8
  1280 | D:1      | Learned a level 3 spell: Stone Arrow
  1990 | D:2      | Reached XP level 4. HP: 32/32 MP: 7/9
  2740 | D:3      | Reached skill level 1 in Conjurations
  2903 | D:3      | Found an ancient bone altar of Kikubaaqudgha.
  2913 | D:3      | Gained mutation: A weak demonic guardian rushes to your
                  | aid. [demonic ancestry]
  2913 | D:3      | Reached XP level 5. HP: 35/37 MP: 4/11
  3889 | D:4      | Gained mutation: You are surrounded by a mild repulsion
                  | field. (EV +2) [demonic ancestry]
  3889 | D:4      | Reached XP level 6. HP: 43/43 MP: 9/12
  3976 | D:4      | Found a sparkling altar of Nemelex Xobeh.
  3981 | D:4      | Found a shimmering blue altar of Sif Muna.
  3982 | D:4      | Found a hide-covered altar of Uskayaw.
  3982 | D:4      | Found a bloodstained altar of Trog.
  4020 | D:4      | Found Sukh's Weapon Shoppe.
  4352 | D:4      | Found Atrogusa's Armour Boutique.
  4475 | D:4      | Noticed Sigmund
  4647 | D:3      | HP: 2/43 [wight/+4 dire flail of freezing (15)]
  4647 | D:3      | Slain by a wight

Illustrated notes

Levels and vault maps discovered:
D:1:      scummos_arrival_gate, layout_basic, serial_shops, shop, minmay_tall_x
D:2:      layout_basic
D:3:      layout_loops_ring, mainiacjoe_overflow_six_doors_small,
          kennysheep_vampire_church, minmay_misc_feat_tiny
D:4:      minmay_spotlight, layout_gridville, grunt_temple_overflow_open,
          serial_shops, shop, nicolae_square_shop, dk_noncrumbling_2,
          sigmund_army

Skill      XL: |  1  2  3  4  5  6 |
---------------+-------------------+-----
Earth Magic    | 2 3 4 |  4.1
Conjurations   | 1 2 3 |  3.1
Spellcasting   | 4 |  4.8
Fighting       | |  1.0
Dodging        | |  1.0
Stealth        | |  1.0
Shields        | |  1.0

Action                   |  1- 3 |  4- 6 || total
-------------------------+-------+-------++-------
Melee: Dagger            |     2 |       ||     2
 Cast: Sandblast         |    82 |    77 ||   159
  Use: Scroll            |       |     8 ||     8
       Potion            |       |     1 ||     1
Armor: Robe              |     6 |    14 ||    20
Dodge: Dodged            |    21 |    32 ||    53
Block: Buckler           |     9 |     8 ||    17
